Map: Torres crepusculares

Players

GothicGhost - Winner!

  • Race: Protoss Protoss

DavixD

  • Race: Terran Terran
  • League: Diamond

VOD

Have the link to the VOD?

Description

Time

  • Played on: April 27, 2016, 3:08 p.m.
  • Length: 7:26
Show
View Real Time Build Order
Export as new Build Order

GothicGhost Protoss - Winner!

Build Orders:  

Get SALT Encoding   

  12  0:01  Probe (Chrono Boost)  
  13  0:11  Probe (Chrono Boost)  
  14  0:18  Pylon  
  14  0:23  Probe (Chrono Boost)  
  15  0:36  Probe (Chrono Boost)  
  15  0:37  Gateway  
  16  0:46  Probe (Chrono Boost), Assimilator  
  18  0:57  Probe (Chrono Boost)  
  18  1:03  Assimilator  
  18  1:07  Probe (Chrono Boost)  
  19  1:18  Probe (Chrono Boost)  
  20  1:24  Cybernetics Core  
  20  1:28  Probe (Chrono Boost)  
  20  1:32  Pylon  
  21  1:39  Probe (Chrono Boost)  
  22  1:47  Gateway  
  22  1:50  Probe (Chrono Boost)  
  24  2:02  Adept  
  24  2:05  Warp Gate (Chrono Boost)  
  24  2:08  Mothership Core (Chrono Boost)  
  27  2:16  Pylon  
  27  2:29  Adept  
  29  2:34  Adept  
  31  2:39  Robotics Facility  
  31  2:43  Gateway  
  31  3:01  Adept  
  31  3:05  Twilight Council  
  33  3:08  Adept  
  35  3:21  Pylon  
  35  3:28  Observer (Chrono Boost)  
  35  3:31  Pylon  
  36  3:35  Adept  
  38  3:49  Immortal (Chrono Boost)  
  42  3:55  Resonating Glaives (Chrono Boost)  
  42  4:22  Warp Prism (Chrono Boost)  
  42  4:23  Adept x2  
  48  4:24  Adept  
  50  4:32  Pylon  
  53  5:07  Immortal  
  53  5:15  Adept x3  
  58  5:27  Forge  
  58  5:28  Probe  
  56  5:46  Observer  
  56  5:49  Adept x3  
  58  6:00  Photon Cannon  
  58  6:02  Probe  
  57  6:12  Stalker  
  57  6:14  Probe  
  56  6:37  Stalker x2  
  51  6:54  Pylon  
  51  6:56  Probe  
  51  7:08  Probe  
Show
View Real Time Build Order
Export as new Build Order

DavixD Terran 

Build Orders: Liberator Opening 

Get SALT Encoding   

  12  0:02  SCV  
  14  0:14  SCV  
  14  0:17  Supply Depot  
  14  0:26  SCV  
  15  0:39  SCV  
  15  0:41  Refinery  
  16  0:45  Barracks  
  16  0:51  SCV  
  17  1:03  SCV  
  18  1:15  Supply Depot, SCV  
  19  1:27  SCV  
  19  1:32  Marine  
  21  1:40  Orbital Command  
  21  1:43  Factory  
  21  2:10  SCV  
  21  2:11  Marine  
  21  2:15  Command Center  
  23  2:24  Bunker  
  23  2:34  Supply Depot  
  23  2:37  Supply Depot  
  23  2:39  Starport  
  23  2:48  SCV  
  23  2:50  Marine  
  25  2:57  Refinery  
  24  3:01  Widow Mine  
  26  3:06  SCV  
  26  3:08  Marine  
  28  3:17  Medivac  
  30  3:24  SCV  
  30  3:26  Orbital Command  
  31  3:36  Barracks Tech Lab, Barracks  
  31  3:41  Marine  
  31  3:47  Widow Mine  
  35  3:48  SCV  
  35  3:49  Liberator  
  35  4:03  SCV  
  35  4:08  SCV  
  40  4:15  Barracks  
  40  4:22  SCV  
  41  4:25  Barracks Tech Lab x2  
  42  4:38  SCV  
  42  4:39  SCV  
  42  4:40  Bunker  
  42  4:55  Marauder x2  
  42  4:56  Widow Mine  
  43  5:07  Supply Depot  
  43  5:10  Marine  
  44  5:19  Marauder  
  46  5:23  Marine  
  19  6:03  Widow Mine  
  16  6:09  SCV  
  17  6:11  Barracks  
  17  6:14  Barracks  
  17  6:16  Barracks  
  17  6:21  SCV  
  12  6:41  SCV  
  13  6:51  Supply Depot  
  13  7:11  SCV  
Tags
 
Add a new tag
Caveats
  • Supply blocks, unpowered buildings, or Contaminate may cause inaccurate times.
  • Supply counts are checked every 10 seconds.